 Dungeon Crawl Stone Soup version 0.30-a0-40-gc6d0f036a7 (webtiles) character file.

Game seed: 12443238124404477392

218 ytrimaz the Insei (level 5, -1/33 HPs)
             Began as an Octopode Transmuter on Aug 29, 2022.
             Slain by a goblin
             ... wielding a +0 dagger
             ... led by Robin
              (4 damage)
             ... on level 2 of the Dungeon.
             The game lasted 00:01:35 (1385 turns).

ytrimaz the Insei (Octopode Transmuter)             Turns: 1385, Time: 00:01:36

Health: -1/33      AC:  1    Str: 10    XL:     5   Next: 95%
Magic:  3/8        EV: 13    Int: 17    God:
Gold:   40         SH:  5    Dex: 12    Spells: 2/8 levels left

rFire   . . .      SeeInvis .      - Unarmed
rCold   . . .      Faith    .    (no shield)
rNeg    . . .      Spirit   .    (helmet currently unavailable)
rPois   .          Reflect  +    g - amulet of reflection
rElec   .          Harm     .    e - ring of willpower
rCorr   .          Rampage  .    (no ring)
Will    +....                    (no ring)
Stlth   ++........               (no ring)
HPRegen 0.11/turn                (no ring)
MPRegen 0.11/turn                (no ring)
                                 (no ring)
                                 (no ring)

@: appendages, wereblooded
A: tentacle spike 3, almost no armour, amphibious, 8 rings, camouflage 1,
gelatinous body 1, (nimble swimmer 1), tentacles
a: End Transformation


You were on level 2 of the Dungeon.
One of your tentacles had grown a beastly spike.
You visited 1 branch of the dungeon, and saw 2 of its levels.

You collected 40 gold pieces.

Inventory:

Jewellery
 e - a ring of willpower (left tentacle)
 g - an amulet of reflection (around mantle)


   Skills:
 - Level 1.0 Fighting
 - Level 2.0 Dodging
 * Level 6.3 Unarmed Combat
 + Level 2.0 Spellcasting
 + Level 2.0 Transmutations
 * Level 0.6 Poison Magic


You had 2 spell levels left.
You knew the following spells:

 Your Spells              Type           Power      Damage    Failure   Level
a - Beastly Appendage     Tmut           16%        N/A       9%          1
b - Wereblood             Tmut           8%         N/A       13%         2
c - Spider Form           Tmut/Pois      6%         N/A       32%         3

Your spell library contained the following spells:

 Spells                   Type           Power      Damage    Failure   Level
 Necrotise                Necr           4%         1d4       19%         1
 Blink                    Tloc           2%         N/A       28%         2
 Vampiric Draining        Necr           1%         2d6       50%         3
 Ice Form                 Ice/Tmut       5%         N/A       77%         4
 Agony                    Necr           1%         N/A       99%         5
 Manifold Assault         Tloc           1%         N/A       99%         5
 Storm Form               Tmut/Air       2%         N/A       100%        7


Dungeon Overview and Level Annotations

Branches:
Dungeon (2/15)

Altars:

Annotations:
D:2 Robin


Innate Abilities, Weirdness & Mutations

One of your tentacles has grown a beastly spike.
You cannot wear most types of armour.
You are amphibious.
You can wear up to eight rings at the same time.
Your skin changes colour to match your surroundings (Stealth+).
Your rubbery body absorbs attacks. (AC +1, EV +1)
((You are camouflaged when in or above water. (Stealth+)))
You have tentacles for arms and can constrict up to eight enemies at once.


Message History

The hobgoblin shouts!
You hit the goblin.
You kill the goblin!
Your transformation has ended.
The goblin hits you with a +0 dagger.
* * * LOW HITPOINT WARNING * * *
Unknown command.
You aren't carrying any potions.
Unknown command.
You aren't carrying any potions.
Casting: Wereblood (safe; 13% risk of failure)
Confirm with . or Enter, or press ? or * to list all spells.
The spell is quite dangerous to miscast (32% risk of failure)!
Continue anyway?
Okay, then.
Casting: Spider Form (quite dangerous; 32% risk of failure)
Confirm with . or Enter, or press ? or * to list all spells.
Your blood is infused with primal strength.
The adder closely misses you. You block the goblin's attack.
Unknown command.
Unknown command.
You are too injured to fight recklessly!
Unknown command.
Casting: Wereblood (safe; 13% risk of failure)
Confirm with . or Enter, or press ? or * to list all spells.
One of your tentacles grows a vicious spike.
The adder bites you.
* * * LOW HITPOINT WARNING * * *
The goblin misses you. The adder barely misses you.
Unknown command.
You tentacle-slap the adder. Your grab misses the adder.
You squeeze the adder, but do no damage.
The adder is severely wounded.
The goblin no longer looks unusually strong.
A goblin comes into view. It is wielding a +0 dagger.
The goblin completely misses you. You block the adder's attack.
You closely miss the adder. Your grab misses the adder.
Your tentacle-slap misses the adder.
The adder is severely wounded.
You block the adder's attack. The goblin hits you with a +0 dagger.
You die...

...<...........##...##
#...............$....#
###..#...............#
#......#......###....
#)....###.......##...
#.#....####..........
..........#..†###....
..............##g# ...
.............†#@## .b
..............gS## .
............##.g....#
....##.#........
...$#?##...##### ...
## ..S)# .. .#.## . .#
.. ..


You could see an adder, a hobgoblin (strong) and 2 goblins.

Vanquished Creatures
  Sigmund (D:2)
  2 adders (D:2)
  6 bats
  2 endoplasms (D:1)
  2 hobgoblins (D:2)
  2 jackals (D:1)
  4 kobolds
  2 quokkas (D:2)
  2 ball pythons (D:1)
  5 frilled lizards
  8 goblins
  7 rats
43 creatures vanquished.

Notes
Turn   | Place    | Note
-------+----------+-------------------------------------------
     0 | D:1      | ytrimaz the Octopode Transmuter began the quest for the
                  | Orb.
     0 | D:1      | Reached XP level 1. HP: 13/13 MP: 3/3
   322 | D:1      | Reached XP level 2. HP: 18/18 MP: 5/5
   546 | D:1      | Found a faded altar of an unknown god.
   838 | D:1      | Reached skill level 4 in Unarmed Combat
  1184 | D:2      | Noticed Sigmund
  1187 | D:2      | Reached XP level 3. HP: 21/23 MP: 6/6
  1204 | D:2      | Killed Sigmund
  1205 | D:2      | Reached skill level 6 in Unarmed Combat
  1205 | D:2      | Reached XP level 4. HP: 27/28 MP: 7/7
  1205 | D:2      | Reached XP level 5. HP: 32/33 MP: 8/8
  1219 | D:2      | Learned a level 2 spell: Wereblood
  1223 | D:2      | Learned a level 3 spell: Spider Form
  1368 | D:2      | Noticed Robin
  1385 | D:2      | Slain by a goblin

Illustrated notes

Levels and vault maps discovered:
D:1:      enne_arrival_octagon_isle, layout_basic,
          shapermc_ecumenical_altar_pompeii, minmay_tetromino_o4
D:2:      layout_rooms, minmay_bisected, uniq_robin, uniq_sigmund

Skill      XL: |  1  2  3 |
---------------+----------+-----
Unarmed Combat | 4 6 |  6.3
Fighting       | |  1.0
Dodging        | |  2.0
Spellcasting   | |  2.0
Transmutations | |  2.0
Poison Magic   | |  0.6

Action                   |  1- 3 |  4- 6 || total
-------------------------+-------+-------++-------
Melee: Unarmed           |    59 |    34 ||    93
       Constrict         |    14 |     3 ||    17
       Kick              |     5 |     6 ||    11
       Punch             |     1 |       ||     1
       Tentacles         |     5 |     2 ||     7
 Cast: Beastly Appendage |     7 |     2 ||     9
       Spider Form       |       |     1 ||     1
       Wereblood         |       |     1 ||     1
  Use: Scroll            |     2 |     2 ||     4
       Potion            |     4 |       ||     4
 Stab: Sleeping          |     5 |       ||     5
Armor: Skin              |    31 |    20 ||    51
Dodge: Dodged            |    49 |    11 ||    60
Block: Other             |     8 |    16 ||    24

Table legend: (Time is in decaauts)
 A = Elapsed time spent in this place.
 B = Non-inter-level travel time spent in this place.
 C = Inter-level travel time spent in this place.
 D = Time resting spent in this place.
 E = Time spent auto-exploring this place.
 F = Levels seen in this place.
 G = Mean time per level.
                   A        B        C        D        E       F      G
               +--------+--------+--------+--------+--------+-----+--------+
         Total |   1376 |   1346 |     30 |      0 |   1102 |   2 |  688.0 |
       Dungeon |   1376 |   1346 |     30 |      0 |   1102 |   2 |  688.0 |
               +--------+--------+--------+--------+--------+-----+--------+

Top non-repeatable levels by time:
     D:1: 1170 daAuts
     D:2: 206 daAuts
